 Dungeon Crawl Stone Soup version 0.25.0-9-g26727b657a (webtiles) character file.

Game seed: 11834451091420927560

165 HoaS the Ruffian (level 5, 0/33 HPs)
             Began as a Gargoyle Gladiator on June 16, 2020.
             Slain by Pikel
             ... wielding a +2 whip of electrocution
              (5 damage)
             ... while paralysed by Pikel
             ... on level 5 of the Dungeon.
             The game lasted 00:06:30 (2224 turns).

HoaS the Ruffian (Gargoyle Gladiator)               Turns: 2224, Time: 00:06:31

Health: 0/33       AC: 15    Str: 19    XL:     5   Next: 46%
Magic:  5/5        EV:  2    Int:  8    God:
Gold:   83         SH:  0    Dex: 23    Spells: 4/4 levels left

rFire    . . .     SeeInvis .     - Unarmed
rCold    . . .     Gourm    .   (no shield)
rNeg     + . .     Faith    .   p - +0 chain mail (curse)
rPois    ∞         Spirit   .   h - +1 helmet
rElec    +         Reflect  .   (no cloak)
rCorr    .         Harm     .   (no gloves)
MR       .....                  j - +0 pair of boots
Stlth    ..........             (no amulet)
HPRegen  0.11/turn              g - +6 ring of dexterity
MPRegen  0.09/turn              i - +6 ring of dexterity

@: paralysed, mighty
A: negative energy resistance 1, electricity resistance, unbreathing,
petrification resistance, rot immunity, AC +4
a: no special abilities


You were on level 5 of the Dungeon.
You were very hungry.

You visited 1 branch of the dungeon, and saw 4 of its levels.

You collected 83 gold pieces.

Inventory:

Missiles
 c - 3 throwing nets (quivered)
 o - 8 atropa-tipped darts
Armour
 h - a +1 helmet (worn)
 j - a +0 pair of boots (worn)
 p - a cursed +0 chain mail (worn)
Jewellery
 g - a +6 ring of dexterity (left hand)
 i - a +6 ring of dexterity (right hand)
Scrolls
 a - a scroll of fog
 b - a scroll of identify
Potions
 e - 2 potions of curing
 k - 2 potions of mutation
 n - a potion of lignification
Comestibles
 d - 6 rations


   Skills:
 + Level 3.8 Fighting
 - Level 1.7 Throwing
 - Level 2.4 Dodging
 * Level 5.2 Unarmed Combat


You had 4 spell levels left.
You didn't know any spells.
Your spell library was empty.

Dungeon Overview and Level Annotations

Branches:
Dungeon (3/15)

Altars:
Xom

Annotations:
D:5 Pikel


Innate Abilities, Weirdness & Mutations

You are resistant to torment.
Your stone body is resilient. (AC +4)
You are immune to poison.
You resist negative energy. (rN+)
You are resistant to electric shocks. (rElec)
You can survive without breathing.
You are immune to petrification.
You are immune to rotting.


Message History

The shadow imp shouts, "Begone, thou puny dread-bolted swadder!"
The shadow imp hits you but does no damage.
The slave hits you.
Pikel zaps a wand.
You resist with some effort.
The now-empty wand crumbles to dust.
The shadow imp hits you.
The slave hits you but does no damage. x2
Pikel hits you but does no damage. The shadow imp barely misses you.
The slave hits you but does no damage. x2
Pikel hits you but does no damage. The shadow imp barely misses you.
The slave hits you but does no damage. The slave hits you.
Pikel hits you but does no damage.
The shadow imp hits you but does no damage.
The slave hits you.
* * * LOW HITPOINT WARNING * * *
The slave hits you but does no damage. Pikel hits you but does no damage.
The shadow imp barely misses you. The slave hits you.
* * * LOW HITPOINT WARNING * * *
The slave hits you.
* * * LOW HITPOINT WARNING * * *
Pikel hits you with a +2 whip of electrocution.
You die...

#..# ##.## #.# #..#
#.# #5### #..####.##
#..p# #........#
###K# #.#####..#
#...# #.# #..# #.###
#.# ##..###.#######
#.####.p5...........
#......@K.....######
######..p##.....#
######.#.#.# #.#.#.#
#.#.# # #.#.# #.#.#


You could see Pikel, 2 slaves and a shadow imp.

Vanquished Creatures
  A scorpion (D:5)
  An orc wizard (D:3)
  3 adders
  A worm (D:3)
  3 dart slugs
  A leopard gecko (D:1)
  3 orcs (D:3)
  6 bats
  5 giant cockroaches
  5 goblins
  2 hobgoblins
  A jackal (D:2)
  A quokka (D:2)
  7 frilled lizards
  5 kobolds
  3 rats
48 creatures vanquished.

Notes
Turn   | Place    | Note
-------+----------+-------------------------------------------
     0 | D:1      | HoaS the Gargoyle Gladiator began the quest for the Orb.
     0 | D:1      | Reached XP level 1. HP: 12/12 MP: 1/1
   367 | D:1      | Reached XP level 2. HP: 13/18 MP: 2/2
   604 | D:1      | Found a shimmering altar of Xom.
   797 | D:1      | Reached XP level 3. HP: 13/22 MP: 3/3
   945 | D:2      | Reached skill level 4 in Unarmed Combat
  1283 | D:2      | Reached XP level 4. HP: 28/28 MP: 4/4
  1847 | D:3      | You fall into a shaft and drop 2 floors!
  1847 | D:5      | Entered Level 5 of the Dungeon
  1875 | D:5      | Reached skill level 5 in Unarmed Combat
  1875 | D:5      | Reached XP level 5. HP: 8/33 MP: 5/5
  2161 | D:5      | Noticed a slave
  2162 | D:5      | Noticed Pikel
  2179 | D:5      | Noticed a slave
  2217 | D:5      | Paralysed by Pikel for 7 turns
  2224 | D:5      | Slain by Pikel

Illustrated notes

Levels and vault maps discovered:
D:1:      dpeg_arrival_rooms_b, layout_basic, chequers_serial_rivers_small_b,
          xom_teletrap_fun
D:2:      layout_rooms, st_stairs_6
D:3:      layout_basic, first_ration, minmay_misc_feat_roman, solitary_fountain
D:5:      layout_loops_ring, kennysheep_generic_room_11, uniq_pikel

Skill      XL: |  1  2  3  4 |
---------------+-------------+-----
Unarmed Combat | 4 5 |  5.2
Fighting       | 3 |  3.8
Throwing       | |  1.7
Dodging        | |  2.4

Action                   |  1- 3 |  4- 6 || total
-------------------------+-------+-------++-------
Melee: Unarmed           |   144 |    77 ||   221
       Punch             |     1 |     2 ||     3
  Use: Scroll            |     7 |     5 ||    12
       Potion            |       |     1 ||     1
  Eat: Chunk             |     1 |     2 ||     3
Armor: Ring mail         |    59 |    21 ||    80
       Chain mail        |       |    34 ||    34
Dodge: Dodged            |    72 |    38 ||   110
